[Event "Late-Titled-Tuesday-Blitz-May-07-2024"]
[Site "Chess.com"]
[Date "2024.05.07"]
[Round "4"]
[White "FabianoCaruana"]
[Black "OriTaichman"]
[Result "1-0"]
[WhiteElo "3077"]
[BlackElo "2622"]
[TimeControl "180+1"]
[EndTime "14:38:38 PDT"]
[Termination "FabianoCaruana won by resignation"]

1. e4 e5 2. Nf3 d6 3. d4 exd4 4.
Qxd4 Nf6 5. Nc3 Be7 6. Bb5+ Bd7 7. Bg5 O-O 8. O-O-O Bxb5 9. Nxb5 a6 10. Nc3 Nc6 11. Qc4 Nd7 12. Bxe7 Qxe7 13. Nd5 Qd8 14. Rhe1 Kh8 15.
Kb1 Rc8 16. Qc3 Qe8 17. a3 Nc5 18. e5 Na4 19. Qc4 Nxe5 20. Nxe5 dxe5 21. Nxc7 Qe7 22.
Qxa4 Qxc7 23. Rd5 f6 24. Red1 Rfd8 25. c3 h6 26. Qe4 b5 27. f3 Rxd5 28. Qxd5 Kh7 29.
Qd3+ Kg8 30. Qd6 Qc6 31. Kc2 Kf7 32. Qd7+ Kg6 33. Qg4+ Kh7 34. Rd7 Rg8 35. Qe4+ Qxe4+ 36. fxe4 Ra8 37. b4 Kg6 38. Kb3 h5 39. a4 bxa4+ 40.
Kxa4 h4 41. c4 f5 42. exf5+ Kxf5 43. Kb3 Kf4 44. c5 g5 45. Kc4 Ke4 46. c6 Rc8 47.
Kc5 g4 48. Kb6 Ke3 49. c7 Kf2 50. Rd2+ Kg1 51. g3 h3 52. Kb7 Rxc7+ 53. Kxc7 e4 54. Re2 e3 55. Kb6 Kf1 56. Rxe3 Kg2 57. Re2+ 1-0

[Event "Late-Titled-Tuesday-Blitz-May-07-2024"]
[Site "Chess.com"]
[Date "2024.05.07"]
[Round "4"]
[White "robertoalejandro10"]
[Black "youngdinousaur"]
[Result "0-1"]
[WhiteElo "2506"]
[BlackElo "2320"]
[TimeControl "180+1"]
[EndTime "14:38:41 PDT"]
[Termination "youngdinousaur won by resignation"]

1. a3 Nf6 2. b4 e6 3. Bb2 a5 4. c3 d5 5. Nf3 axb4 6. cxb4 c5 7.
bxc5 Bxc5 8. e3 O-O 9. d4 Bd6 10. Bd3 Bd7 11. O-O Ba4 12. Qe2 Nbd7 13. Nc3 Qe7 14.
Ne5 Bxe5 15. Nxa4 Bxh2+ 16. Kxh2 Rxa4 17. Rfb1 Ne4 18. Kg1 Rfa8 19. Bc1 Ndf6 20. Bb5 Nc3 21. Qc2 Nxb5 22. Rxb5 Ne4 23. Rab1 R4a7 24. Bd2 Nxd2 25.
Qxd2 g6 26. Qb4 Qxb4 27. R5xb4 Rxa3 28. Rxb7 R3a7 29. Rb8+ Rxb8 30. Rxb8+ Kg7 31. g3 Ra2 32. Kg2 h5 33. Rb7 Kf6 34. Rc7 Rb2 35. Rc8 Rd2 36.
Kf3 Rd1 37. Rh8 Kg7 38. Rd8 g5 39. Rd7 Rg1 40. e4 dxe4+ 41. Kxe4 h4 42. gxh4 gxh4 43. d5 h3 44. dxe6 h2 45. Rxf7+ Kg6 0-1

[Event "Late-Titled-Tuesday-Blitz-May-07-2024"]
[Site "Chess.com"]
[Date "2024.05.07"]
[Round "4"]
[White "andrew-blr"]
[Black "super_emi_26"]
[Result "0-1"]
[WhiteElo "2604"]
[BlackElo "2850"]
[TimeControl "180+1"]
[EndTime "14:38:42 PDT"]
[Termination "super_emi_26 won on time"]

1. d4 g6 2. c4 Bg7 3. e4 d6 4. Nc3 c5 5. Nge2 Nc6 6. Be3 Qb6 7. d5 Qxb2 8. dxc6 Bxc3+ 9. Nxc3 Qxc3+ 10. Bd2 Qd4 11.
cxb7 Qxe4+ 12. Be2 Bxb7 13. Bc3 Nf6 14. Bxf6 exf6 15.
Qxd6 Qe5 16. Qxe5+ fxe5 17. f3 Ke7 18. Rb1 Bc6 19.
Kd2 Rab8 20. Ke3 Rhd8 21. Rhd1 Rb6 22. h4 Rdb8 23. Rxb6 Rxb6 24. Rd2 Ra6 25. Bd1 Ra3+ 26. Kf2 Rc3 27. Bb3 a5 28. Re2 Kd6 29. Re3 Rxe3 30.
Kxe3 f5 31. g3 h6 32. f4 Ke6 33. Bc2 Kf6 34. Bd1 Bd7 35. Be2 Be6 36. Bf1 Bd7 37. Be2 Ba4 38. a3 Bb3 39. Bf1 g5 40. hxg5+ hxg5 41. Be2 Bc2 42. Bf1 Bd1 43. Bd3 Ba4 44. Be2 Bc6 45. Bf1 Be4 46. Be2 Kg6 47. fxe5 Kf7 48. g4 Ke6 49. gxf5+ Bxf5 0-1

[Event "Late-Titled-Tuesday-Blitz-May-07-2024"]
[Site "Chess.com"]
[Date "2024.05.07"]
[Round "4"]
[White "lamomiajunior"]
[Black "ahkashefi2800"]
[Result "0-1"]
[WhiteElo "2758"]
[BlackElo "2592"]
[TimeControl "180+1"]
[EndTime "14:38:43 PDT"]
[Termination "ahkashefi2800 won by checkmate"]

1. d4 d5 2. Nc3 Nf6 3. Bf4 c6 4. e3 Bf5 5. f3 e6 6. g4 Bg6 7. h4 h6 8. Nh3 Bd6 9. Bxd6 Qxd6 10. Nf4 Bh7 11. Qd2 Nbd7 12. g5 Ng8 13. O-O-O O-O-O 14. Bh3 Ne7 15. e4 Nb6 16. b3 Kb8 17. e5 Qa3+ 18.
Kb1 hxg5 19. hxg5 Ng6 20. Nh5 Nh4 21. Bg4 Nf5 22. Nf4 Bg6 23. Nxg6 fxg6 24. Ne2 Qe7 25. Rxh8 Rxh8 26. Nf4 Qf7 27. a4 Nc8 28. a5 a6 29.
Rg1 Ka8 30. Kb2 Na7 31. Ne2 Rh2 32. Qd3 Nb5 33. Bxf5 gxf5 34. g6 Qe7 35. Nc1 Qa3+ 36. Kb1 Qxa5 37. Qe3 Na3+ 38. Kb2 Rxc2+ 39. Ka1 Rh2 40.
b4 Nc2+ 41. Kb1 Qa1# 0-1

[Event "Late-Titled-Tuesday-Blitz-May-07-2024"]
[Site "Chess.com"]
[Date "2024.05.07"]
[Round "4"]
[White "Goryachkina"]
[Black "Licancabur"]
[Result "1-0"]
[WhiteElo "2705"]
[BlackElo "2493"]
[TimeControl "180+1"]
[EndTime "14:38:45 PDT"]
[Termination "Goryachkina won on time"]

1. e4 Nf6 2. Nc3 d5 3. e5 Nfd7 4. Nf3 c5 5. Nxd5 Nxe5 6. Nxe5 Qxd5 7. f4 Nc6 8. Bc4 Qe4+ 9. Qe2 Qxe2+ 10. Kxe2 Nxe5 11.
fxe5 Bg4+ 12. Kf2 e6 13. Bb5+ Kd8 14. Rf1 Kc7 15. Kg1 Bf5 16. d3 a6 17. Bc4 b5 18. Bb3 Be7 19. Be3 Rhd8 20. a4 Kc6 21.
Rf3 h6 22. h3 Bh4 23. Raf1 Bg5 24. Bxg5 hxg5 25. Rg3 f6 26. exf6 gxf6 27. Re3 Rd4 28. axb5+ axb5 29. Bxe6 Bxe6 30. Rxe6+ Rd6 31. Rfxf6 Rxe6 32. Rxe6+ Kd5 33. Rg6 Ra2 34. Rxg5+ Kd6 35. d4 1-0

[Event "Late-Titled-Tuesday-Blitz-May-07-2024"]
[Site "Chess.com"]
[Date "2024.05.07"]
[Round "4"]
[White "nitpicker"]
[Black "Dr_troll"]
[Result "0-1"]
[WhiteElo "2274"]
[BlackElo "2550"]
[TimeControl "180+1"]
[EndTime "14:38:46 PDT"]
[Termination "Dr_troll won on time"]

1. d4 Nf6 2. c4 c5 3. d5 g6 4. Nc3 Bg7 5. e4 d6 6. h3 O-O 7. Nf3 a6 8. Bd3 b5 9. O-O b4 10. Ne2 Nbd7 11. Qc2 a5 12. Bf4 a4 13. a3 Qb6 14. g4 h5 15. g5 Ne8 16. Rab1 Ne5 17.
Bxe5 dxe5 18. Kh2 f5 19. gxf6 Rxf6 20. Ng5 Bh6 21. h4 Nd6 22. Rbe1 Bd7 23. f4 Raf8 24. Rg1 Nf7 25. f5 Kh8 26. Ng3 Nxg5 27. hxg5 Bxg5 28.
Ref1 Bf4 29. Qe2 h4 30. Rxf4 hxg3+ 31. Rxg3 exf4 32. Rh3+ Kg7 33. e5 Rxf5 34. e6 Bxe6 35. dxe6 Qd6 36. Rf3 Rg5 0-1

[Event "Late-Titled-Tuesday-Blitz-May-07-2024"]
[Site "Chess.com"]
[Date "2024.05.07"]
[Round "4"]
[White "IndianSchoolOfSuffering"]
[Black "lupta_robin"]
[Result "1-0"]
[WhiteElo "2415"]
[BlackElo "2656"]
[TimeControl "180+1"]
[EndTime "14:38:48 PDT"]
[Termination "IndianSchoolOfSuffering won by resignation"]

1. e4 g6 2. d4 Nf6 3. e5 Nh5 4. Nf3 d6 5. Bc4 Nc6 6. exd6 Qxd6 7. c3 Bg7 8. O-O O-O 9. h3 e5 10. dxe5 Qxd1 11. Rxd1 Nxe5 12. Nxe5 Bxe5 13. Be3 Re8 14. Nd2 Be6 15. Bxe6 Rxe6 16. Nc4 Bg7 17. Rd7 Rc8 18. Rad1 b6 19. Rd8+ Re8 20. Rxe8+ Rxe8 21. Rd7 Rc8 22.
Bg5 Nf6 23. Bxf6 Bxf6 24. Ne3 Kf8 25. f4 Ke8 26. Rd3 c6 27. Kf2 Rd8 28. Rxd8+ Kxd8 29. Kf3 h5 30. g4 hxg4+ 31. hxg4 Kd7 32. Ke4 Ke6 33.
Nc4 b5 34. f5+ gxf5+ 35. gxf5+ Kd7 36. Ne5+ Bxe5 37. Kxe5 Ke7 38. f6+ Kd7 39. b3 Kc7 40.
c4 bxc4 41. bxc4 Kd7 42. c5 a5 43. a4 Kc7 44. Ke4 Kd8 45. Kf4 Ke8 46. Kg5 Kf8 47. Kh5 Kg8 48. Kh6 Kh8 49. Kg5 Kh7 50. Kf5 Kh6 51. Ke5 Kg6 52. Kd6 Kxf6 53. Kxc6 Ke5 54. Kb7 f5 55. c6 f4 56. c7 f3 57. c8=Q f2 58. Qc5+ 1-0

[Event "Late-Titled-Tuesday-Blitz-May-07-2024"]
[Site "Chess.com"]
[Date "2024.05.07"]
[Round "4"]
[White "katharinareinecke"]
[Black "zajka-molotok"]
[Result "0-1"]
[WhiteElo "1927"]
[BlackElo "2536"]
[TimeControl "180+1"]
[EndTime "14:38:49 PDT"]
[Termination "zajka-molotok won by resignation"]

1. d4 d5 2. c4 e6 3. Nf3 c5 4. cxd5 exd5 5. g3 Nc6 6. Bg2 Nf6 7. O-O cxd4 8. Nxd4 Bc5 9. Nxc6 bxc6 10. Bg5 O-O 11.
Nc3 h6 12. Bxf6 Qxf6 13. Na4 Bb6 14. Rc1 h5 15. b3 h4 16. Nc5 Qg5 17. e3 Bg4 18.
Qd4 Rfe8 19. h3 Bc8 20. Qxh4 Qxh4 21. gxh4 Bd8 22. h5 Bf6 23. Nd3 Ba6 24. Rfd1 Rac8 25.
Nf4 Be5 26. Nd3 Bd6 27. Nc5 Be2 28. Rd4 Bxh5 29. Ra4 Re7 30. Nd3 Be2 31. Nb4 Bb5 32. Nxd5 Ree8 33. Rxa7 cxd5 34. Rxc8 Rxc8 35. Bxd5 Rc1+ 36.
Kg2 Bf1+ 37. Kf3 Bxh3 38. Bxf7+ Kh7 39. Bd5 Rg1 40. Be4+ Kh6 41. Ke2 Bf1+ 42. Kd2 Bb4+ 43. Kc2 Be2 44. Ra6+ Kh5 45. f4 Bd1+ 46. Kd3 Bg4 47. Kc4 Be2+ 48. Kxb4 Bxa6 49. a4 Re1 50. Bf3+ Kh4 51. Ka5 Rxe3 52. Kxa6 Rxf3 53. b4 Rxf4 54. b5 Rxa4+ 55. Kb6 Rb4 56. Kc5 Rb1 57. b6 g5 58. Kc6 g4 59. Kc7 g3 60. b7 g2 61.
b8=Q Rxb8 62. Kxb8 g1=Q 0-1

[Event "Late-Titled-Tuesday-Blitz-May-07-2024"]
[Site "Chess.com"]
[Date "2024.05.07"]
[Round "4"]
[White "JG-17"]
[Black "Sacbutt"]
[Result "0-1"]
[WhiteElo "2556"]
[BlackElo "2331"]
[TimeControl "180+1"]
[EndTime "14:38:51 PDT"]
[Termination "Sacbutt won by resignation"]

1. d4 Nf6 2. c4 e6 3. Nf3 b6 4.
g3 Bb7 5. Bg2 Be7 6. O-O O-O 7.
Nc3 Ne4 8. Nxe4 Bxe4 9. b3 d6 10. Bb2 Nd7 11. Ne1 Bxg2 12. Nxg2 c5 13. e3 Qc7 14.
Nf4 Bf6 15. Qd2 g6 16. dxc5 dxc5 17. Rfd1 Rad8 18. Bxf6 Nxf6 19. Qc3 Ne4 20. Qc2 Nf6 21.
h4 Rxd1+ 22. Rxd1 Rd8 23. Kg2 Rxd1 24. Qxd1 Qd7 25. Qf3 Kg7 26. h5 g5 27. Ne2 h6 28.
e4 Qd2 29. e5 Nd7 30. Qe4 Qxa2 31. Qe3 Qb2 32. f4 a5 33. fxg5 Nxe5 34. gxh6+ Kh7 35.
Kh3 Qa1 36. Kh4 f6 37. Qe4+ Kxh6 38. Nf4 Qg1 39. Nh3 Qd4 40. Qxd4 cxd4 41. Nf4 d3 42. Ng2 d2 43. Ne3 Nd3 44. Ng4+ Kg7 45. h6+ Kg6 46. h7 Kxh7 47. Nxf6+ Kg6 48. Ne4 d1=Q 0-1

[Event "Late-Titled-Tuesday-Blitz-May-07-2024"]
[Site "Chess.com"]
[Date "2024.05.07"]
[Round "4"]
[White "albayo"]
[Black "albi1999"]
[Result "1-0"]
[WhiteElo "2438"]
[BlackElo "2644"]
[TimeControl "180+1"]
[EndTime "14:38:52 PDT"]
[Termination "albayo won by resignation"]

1. e4 c5 2. Nf3 a6 3. c4 Nc6 4. d4 cxd4 5. Nxd4 Nf6 6. Nc3 e5 7. Nc2 Bc5 8. Be3 Bxe3 9. Nxe3 O-O 10. Be2 d6 11. O-O Be6 12. f3 Rc8 13. Qd2 Nd4 14.
Rfd1 Qb6 15. b3 Rfd8 16. Kh1 h5 17. Rac1 h4 18. Na4 Qa7 19. Bf1 h3 20. Qa5 Nd7 21. Nc2 hxg2+ 22. Kxg2 Nc6 23. Qe1 Nf6 24. Qf2 Qb8 25. Nb6 Rc7 26. Ne3 Ne7 27. Qd2 Ng6 28.
c5 Nf4+ 29. Kh1 Rc6 30. Na4 d5 31. exd5 N6xd5 32. Nxd5 Bxd5 33. Qe3 Rf6 34. Nc3 Bc6 35. Ne4 Rh6 36. Bc4 Nd5 37. Bxd5 Rxd5 38. Rxd5 Bxd5 39.
Rd1 Bc6 40. Rd6 Rxd6 41. Nxd6 Qxd6 42. cxd6 1-0

[Event "Late-Titled-Tuesday-Blitz-May-07-2024"]
[Site "Chess.com"]
[Date "2024.05.07"]
[Round "4"]
[White "ContrVersia"]
[Black "LiemLe"]
[Result "1/2-1/2"]
[WhiteElo "2889"]
[BlackElo "3073"]
[TimeControl "180+1"]
[EndTime "14:38:53 PDT"]
[Termination "Game drawn by repetition"]

1. e4 c5 2. Nf3 d6 3. d4 cxd4 4. Nxd4 Nf6 5. Nc3 a6 6. Bd3 g6 7. f3 Bg7 8. Be3 Nc6 9. Qd2 Bd7 10. Nde2 h5 11. a4 Rc8 12. O-O O-O 13. Bh6 Ne5 14. Bxg7 Kxg7 15. a5 b5 16. Na2 d5 17.
exd5 Nxd3 18. cxd3 Nxd5 19. Rfc1 Bc6 20. Rc5 Bb7 21.
d4 h4 22. h3 Qd6 23. Rac1 Rfd8 24. Qg5 Qe6 25. Kf2 Rxc5 26. dxc5 f6 27. Qd2 g5 28. c6 Bc8 29. Nb4 Nf4 30. Qe3 Qd6 31. Nxf4 gxf4 32.
Qc3 Qc7 33. Nd3 e5 34. Nb4 Rd4 35. Qc5 Qxa5 36. Qe7+ Kg6 37. Qe8+ Kg7 38. Qe7+ Kg6 39.
Qe8+ Kg7 40. Qe7+ 1/2-1/2

[Event "Late-Titled-Tuesday-Blitz-May-07-2024"]
[Site "Chess.com"]
[Date "2024.05.07"]
[Round "4"]
[White "ImportedItalianMaple"]
[Black "CombativeWombat"]
[Result "1-0"]
[WhiteElo "2532"]
[BlackElo "2349"]
[TimeControl "180+1"]
[EndTime "14:38:56 PDT"]
[Termination "ImportedItalianMaple won by resignation"]

1. e4 e5 2. Nc3 Nc6 3. Bc4 Nf6 4. d3 Bc5 5. f4 d6 6. Nf3 exf4 7.
Bxf4 O-O 8. Qd2 Na5 9. O-O-O Nxc4 10. dxc4 Bb4 11. Rhe1 Be6 12. a3 a5 13. axb4 axb4 14. Nb1 Ra1 15. Qxb4 Qa8 16. Nd2 c5 17. Qc3 b5 18. Nb3 Ra4 19. Bxd6 Rc8 20. Be5 bxc4 21. N3d2 Ra1 22. Bxf6 gxf6 23. Re3 Qa2 24. Rg3+ Kf8 25. Qxf6 c3 26. Qxc3 Rd8 27. Rd3 Rxd3 28. Qxd3 c4 29.
Qa3+ Qxa3 30. bxa3 c3 31. Nb3 Bxb3 32. cxb3 Ra2 33.
Nxc3 Rxa3 34. Kb2 Ra5 35. b4 Rg5 36. Rd2 Ke7 37. b5 Rc5 38. Kb3 f5 39. exf5 Rxf5 40. Kb4 h5 41. b6 Rf1 42. b7 Rf8 43. Kb5 1-0

[Event "Late-Titled-Tuesday-Blitz-May-07-2024"]
[Site "Chess.com"]
[Date "2024.05.07"]
[Round "4"]
[White "jcibarra"]
[Black "PhileKhoob"]
[Result "1-0"]
[WhiteElo "2927"]
[BlackElo "2346"]
[TimeControl "180+1"]
[EndTime "14:38:59 PDT"]
[Termination "jcibarra won on time"]

1. e4 c6 2. Nf3 d5 3. d3 Qc7 4.
exd5 cxd5 5. c4 Nf6 6. Nc3 dxc4 7. dxc4 Bg4 8. Nb5 Qb6 9. Be3 Qa5+ 10. Bd2 Qd8 11.
Qa4 Nc6 12. Bf4 Rc8 13. Rd1 Qb6 14. Be2 a6 15. Nbd4 Bd7 16. Qc2 e6 17. O-O Be7 18. a3 Nxd4 19. Nxd4 a5 20. Be5 O-O 21. Rfe1 Rfd8 22. Qc3 Ba4 23. b3 Be8 24. Qg3 Bd6 25.
Bf3 Bxe5 26. Qxe5 Bc6 27. c5 Qa6 28. Be2 Qa8 29. Bc4 Bd5 30. Nf5 Kf8 31. Nxg7 Rxc5 32. Qxf6 Rd6 33. Bxd5 Rcxd5 34. Rxd5 Rxd5 35. Nxe6+ Ke8 36. Nc7+ 1-0

[Event "Late-Titled-Tuesday-Blitz-May-07-2024"]
[Site "Chess.com"]
[Date "2024.05.07"]
[Round "4"]
[White "rhwr"]
[Black "balack95"]
[Result "1/2-1/2"]
[WhiteElo "2278"]
[BlackElo "2508"]
[TimeControl "180+1"]
[EndTime "14:38:59 PDT"]
[Termination "Game drawn by stalemate"]

1. e4 c5 2. Be2 Nc6 3. f4 g6 4.
Nf3 Bg7 5. O-O Nh6 6. d3 O-O 7. c3 d5 8. Qe1 dxe4 9. dxe4 Qb6 10.
Kh1 Bg4 11. h3 Bxf3 12. Bxf3 e5 13. Na3 Qc7 14. Nb5 Qb8 15. f5 f6 16. Qh4 g5 17. Qf2 a6 18. Na3 Rd8 19. Qxc5 Nf7 20. Bh5 Qc7 21. Qc4 b5 22. Bxf7+ Kf8 23. Qb3 Qxf7 24. Qxf7+ Kxf7 25. Be3 Bf8 26. Nc2 Na5 27.
b3 Rd3 28. Rad1 Rxc3 29. Rd2 Rac8 30. Bb6 Rxc2 31. Rxc2 Rxc2 32. Bxa5 Rxa2 33. Bb6 Re2 34. Ra1 Rxe4 35. Rxa6 Rb4 36. Ra7+ Kg8 37. Ra8 Rxb3 38. Bc5 Kg7 39. Bxf8+ Kf7 40. Bc5 Rc3 41. Ra7+ Kg8 42. Be7 Rc1+ 43. Kh2 Rf1 44. g4 e4 45. Bxf6 e3 46. Re7 Re1 47. Bxg5 e2 48. Bd2 Rb1 49.
Rxe2 Rb2 50. Kg2 b4 51. Kf2 Rb3 52. g5 Rxh3 53. Bxb4 Rh5 54. Be7 Kf7 55. Bf6 h6 56.
Re7+ Kf8 57. g6 Rxf5+ 58. Kg3 Rxf6 59. Rf7+ Rxf7 60. gxf7 Kxf7 61. Kg4 Kg6 62. Kh4 Kg7 63. Kg4 Kh7 64. Kh4 Kg6 65. Kg4 h5+ 66. Kh4 Kh6 67. Kh3 Kg5 68. Kg3 Kf5 69. Kh3 Kf4 70. Kh2 Kg5 71. Kg2 Kg4 72. Kh2 Kh4 73. Kg2 Kg4 74. Kh2 h4 75. Kg2 h3+ 76. Kh2 Kh4 77. Kh1 Kg3 78.
Kg1 h2+ 79. Kh1 Kh3 1/2-1/2

[Event "Late-Titled-Tuesday-Blitz-May-07-2024"]
[Site "Chess.com"]
[Date "2024.05.07"]
[Round "4"]
[White "SRob2003"]
[Black "GMKrikor"]
[Result "1-0"]
[WhiteElo "2691"]
[BlackElo "2832"]
[TimeControl "180+1"]
[EndTime "14:39:01 PDT"]
[Termination "SRob2003 won on time"]

1. e4 c5 2. Nf3 Nc6 3. d4 cxd4 4.
Nxd4 Nf6 5. Nc3 e5 6. Ndb5 d6 7. Bg5 a6 8. Na3 b5 9. Bxf6 gxf6 10. Nd5 Bg7 11. g3 f5 12. Bg2 fxe4 13. Bxe4 Be6 14. Qh5 h6 15. O-O O-O 16. Ne3 d5 17. Rad1 Nd4 18. Bg2 b4 19. Nb1 e4 20.
c3 bxc3 21. bxc3 Nf3+ 22. Bxf3 exf3 23. Qxf3 Qg5 24. h4 Qg6 25. Nxd5 Kh8 26. Nf4 Qg4 27. Qxg4 Bxg4 28. Rc1 Rab8 29. c4 Rfc8 30. Nd2 Rb2 31. Ne4 Rxa2 32. Nd6 Rc7 33. Nd5 Rd7 34. c5 Rd2 35.
Ne3 Be6 36. Ndf5 Bb2 37. c6 Rc7 38. Rc5 Ba3 39. Ra5 Bf8 40. Rxa6 Kh7 41. Rb1 Rd8 42. Rb7 Rdc8 43. Rxc7 Rxc7 44. Nd4 Bc8 45. Ra8 Bc5 46. Nd5 Ra7 47. Rxc8 Bxd4 48. c7 1-0

[Event "Late-Titled-Tuesday-Blitz-May-07-2024"]
[Site "Chess.com"]
[Date "2024.05.07"]
[Round "4"]
[White "Zq1"]
[Black "el_sporco"]
[Result "1-0"]
[WhiteElo "2611"]
[BlackElo "2406"]
[TimeControl "180+1"]
[EndTime "14:39:01 PDT"]
[Termination "Zq1 won by resignation"]

1. d4 Nf6 2. c4 e6 3. g3 d5 4. Bg2 Be7 5. Nf3 O-O 6. Qc2 c5 7. dxc5 Bxc5 8. cxd5 Qxd5 9. O-O Bb6 10. Nc3 Qh5 11.
Bg5 Nc6 12. Bxf6 gxf6 13. Ne4 Qh6 14. Qc3 Bd8 15. Rfd1 Be7 16. Rac1 f5 17. Nd6 Bf6 18. Qb3 Rb8 19. Rxc6 Bd7 20. Rcc1 Bc6 21. Ne1 Bxg2 22. Kxg2 Be7 23. Nf3 Bxd6 24. Rc4 Be7 25. Rd7 Bf6 26.
Rxb7 Rxb7 27. Qxb7 Rd8 28. Rc8 Rxc8 29. Qxc8+ Kg7 30.
b4 Qh5 31. Qc4 Qg4 32. Qxg4+ fxg4 33. Ne1 Bc3 34. Nd3 e5 35. e4 f5 36. f3 Kf6 37. h3 h5 38. hxg4 hxg4 39. Kf2 Kg5 40. a4 a6 41. b5 axb5 42. axb5 Bd4+ 43. Ke2 f4 44. gxf4+ exf4 45. fxg4 Kxg4 46. Ne1 Kg5 47. Nf3+ 1-0

[Event "Late-Titled-Tuesday-Blitz-May-07-2024"]
[Site "Chess.com"]
[Date "2024.05.07"]
[Round "4"]
[White "YouShallNotPass001"]
[Black "Magicmaster17"]
[Result "1-0"]
[WhiteElo "2458"]
[BlackElo "2881"]
[TimeControl "180+1"]
[EndTime "14:39:02 PDT"]
[Termination "YouShallNotPass001 won by resignation"]

1. e4 e6 2. Nf3 d5 3. exd5 exd5 4. d4 Bd6 5. c4 Nf6 6. c5 Be7 7. a3 O-O 8. Nc3 c6 9. h3 Re8 10. Be3 Bf5 11. Bd3 Ne4 12. Qc2 Bf6 13. O-O-O b6 14. cxb6 axb6 15. g4 Bg6 16. h4 Nxc3 17. Bxg6 Ne4 18.
Bxe4 Rxe4 19. g5 Be7 20. h5 Qd6 21. Rdg1 c5 22. g6 fxg6 23. hxg6 h6 24. Nd2 Re6 25. Bxh6 gxh6 26. Rxh6 Qf4 27. Rh8+ Kg7 28. Rh7+ Kg8 29.
g7 Rh6 30. Rh8+ Rxh8 31. gxh8=Q+ Kxh8 32. Qg6 Bg5 33. Rh1+ Bh6 34. Rxh6+ Qxh6 35. Qxh6+ Kg8 36. Qe6+ Kg7 37. Qe5+ Kg6 38. Qe6+ Kg5 39. Qxd5+ Kf4 40. Qxa8 cxd4 41. Qxb8+ Kf5 42. Qxb6 Kf4 43. Qxd4+ 1-0

[Event "Late-Titled-Tuesday-Blitz-May-07-2024"]
[Site "Chess.com"]
[Date "2024.05.07"]
[Round "4"]
[White "Naoki"]
[Black "grzechu96"]
[Result "0-1"]
[WhiteElo "2582"]
[BlackElo "2789"]
[TimeControl "180+1"]
[EndTime "14:39:03 PDT"]
[Termination "grzechu96 won by checkmate"]

1. d4 d5 2. Nc3 Nf6 3. Bf4 a6 4. e3 Bf5 5. f3 e6 6. g4 Bg6 7. h4 h6 8. Bd3 Bxd3 9. cxd3 c5 10. dxc5 Bxc5 11. d4 Be7 12. Nge2 Nc6 13. Kf2 h5 14. g5 Nd7 15. g6 Bxh4+ 16. Bg3 Bxg3+ 17. Nxg3 fxg6 18. Qd3 Nf8 19. Nge2 Qf6 20. e4 O-O-O 21.
exd5 exd5 22. a3 Ne6 23. Rad1 g5 24. b4 g4 25. b5 axb5 26. Nxb5 Qxf3+ 27. Qxf3 gxf3 28. Ng3 g6 29. Kxf3 Rhf8+ 30. Ke3 Kd7 31. Ne2 Rde8 32. Kd2 Rf2 33. Rdf1 Rxe2+ 34. Kxe2 Nexd4+ 35. Kd3 Nxb5 36. Rf7+ Re7 37. Rf6 Nd6 38. Kc2 Re6 39. Rf8 Re2+ 40.
Kd3 Ra2 41. Rg8 Rxa3+ 42. Kc2 Nd4+ 43. Kb2 Nc4+ 44. Kb1 Rb3+ 45. Kc1 Rg3 46. Kb1 Rg2 47. Rd1 Na3+ 48. Ka1 Nb3# 0-1

[Event "Late-Titled-Tuesday-Blitz-May-07-2024"]
[Site "Chess.com"]
[Date "2024.05.07"]
[Round "4"]
[White "Denisenko_Denis"]
[Black "ansko1999"]
[Result "0-1"]
[WhiteElo "2393"]
[BlackElo "2667"]
[TimeControl "180+1"]
[EndTime "14:39:03 PDT"]
[Termination "ansko1999 won on time"]

1. e4 c5 2. Nf3 Nf6 3. Nc3 d5 4. exd5 Nxd5 5. Bc4 Nxc3 6. bxc3 Nc6 7. d4 cxd4 8. cxd4 e6 9. O-O Bd6 10. c3 O-O 11. Re1 b6 12. Bd3 h6 13. Qe2 Qc7 14.
Qe4 f5 15. Qh4 e5 16. dxe5 Nxe5 17. Nxe5 Bxe5 18. Ba3 Bf6 19. Qc4+ Rf7 20. Re8+ Kh7 21. Qxc7 Rxc7 22. Bxf5+ g6 23. Be4 Bb7 24. Rxa8 Bxe4 25.
Re8 Bc6 26. Re6 Bg7 27. Rae1 Bd5 28. Re7 Rxe7 29. Rxe7 a5 30. Bd6 Kg8 31. a3 Bxc3 32. Be5 Bxe5 33. Rxe5 Bc4 34. f3 b5 0-1

[Event "Late-Titled-Tuesday-Blitz-May-07-2024"]
[Site "Chess.com"]
[Date "2024.05.07"]
[Round "4"]
[White "gabduschew"]
[Black "IlanSchnaider"]
[Result "0-1"]
[WhiteElo "2432"]
[BlackElo "2708"]
[TimeControl "180+1"]
[EndTime "14:39:03 PDT"]
[Termination "IlanSchnaider won on time"]

1. e4 d5 2. exd5 c6 3. d4 cxd5 4. Nf3 Nc6 5. Bd3 Bg4 6. c3 e6 7. Qb3 Qc7 8. Nbd2 Bd6 9. O-O Nge7 10. h3 Bh5 11. Qc2 Bg6 12. Bxg6 Nxg6 13. Re1 O-O 14.
Nf1 Rac8 15. a3 Qb6 16. Qd3 Na5 17. b4 Nc4 18. Bd2 a5 19. h4 h6 20. h5 Nf4 21.
Bxf4 Bxf4 22. g3 Bd6 23. N1h2 Qc7 24. Kg2 Nb2 25. Qd2 Qxc3 26. Qe2 axb4 27. Rec1 Qb3 28.
axb4 Bxb4 29. Rab1 Rxc1 30. Rxc1 Nc4 31. Ne5 Nxe5 32.
Qxe5 Qd3 33. Rc7 b5 34. Rb7 Bc3 35. Nf3 b4 36. g4 Qe4 37. Qxe4 dxe4 38. Ne5 Bxd4 39.
Nd7 Rd8 40. Nb6 Bxb6 41. Rxb6 Rd2 42. Rxb4 e3 43. Rb8+ Kh7 44. Kg3 Rxf2 45. Rb3 Re2 46. Kf3 Rh2 47. Kg3 Re2 48. Rxe3 Rxe3+ 0-1

[Event "Late-Titled-Tuesday-Blitz-May-07-2024"]
[Site "Chess.com"]
[Date "2024.05.07"]
[Round "4"]
[White "Nadtkins"]
[Black "ChEsper99"]
[Result "1-0"]
[WhiteElo "2521"]
[BlackElo "2299"]
[TimeControl "180+1"]
[EndTime "14:39:03 PDT"]
[Termination "Nadtkins won on time"]

1. Nf3 Nf6 2. g3 g6 3. Bg2 Bg7 4. O-O O-O 5. d4 d5 6. Nbd2 c6 7. Re1 Bf5 8. Nh4 Be6 9. c3 a5 10.
e4 dxe4 11. Nxe4 Nxe4 12. Bxe4 Bd5 13. Bxd5 cxd5 14. Qb3 Qd7 15. a4 Nc6 16. Nf3 Rfe8 17. Bf4 e6 18. h4 h6 19. Kg2 Ne7 20. Be5 Nc6 21. Bxg7 Kxg7 22. Re2 Qc7 23. Ne1 Ne7 24. Nd3 Nc8 25. Rae1 Nd6 26. h5 g5 27. f3 Ra6 28.
Re5 Rb6 29. Qd1 Nc4 30. R5e2 Qd7 31. f4 gxf4 32. gxf4 Nd6 33. Kh3 Nf5 34. Rg2+ Kh7 35. Qg4 Ra6 36. Ne5 Qe7 37. Reg1 Raa8 38. Qxf5+ exf5 39. Rg7+ Kh8 40. Nxf7+ Qxf7 41. Rxf7 Re2 42. Rg2 Re3+ 43.
Kh2 Rg8 44. Rxg8+ Kxg8 45. Rxb7 Rf3 46. Rb5 Rxf4 47. Kg3 Rg4+ 48. Kf3 Rh4 49. Rxd5 Rxh5 50. Rxa5 Rg5 51. Kf4 Rg4+ 52. Kf3 h5 53. Rxf5 1-0

[Event "Late-Titled-Tuesday-Blitz-May-07-2024"]
[Site "Chess.com"]
[Date "2024.05.07"]
[Round "4"]
[White "McCarthyStone"]
[Black "1800_strength"]
[Result "0-1"]
[WhiteElo "2439"]
[BlackElo "2783"]
[TimeControl "180+1"]
[EndTime "14:39:04 PDT"]
[Termination "1800_strength won by checkmate"]

1. b3 a5 2. Bb2 Ra6 3. e3 b6 4. Bxa6 Nxa6 5. d3 Bb7 6. Nf3 e6 7. Nbd2 Nf6 8. e4 Be7 9. O-O O-O 10. a3 d6 11. Qe2 Nh5 12. Nd4 Nf4 13. Qf3 Ng6 14. Ne2 Nc5 15. Nf4 Nxf4 16. Qxf4 Bg5 17. Qg3 e5 18. f4 exf4 19. Rxf4 Ne6 20. Rf2 Bh4 21. Qe3 Bxf2+ 22. Qxf2 d5 23. Re1 h6 24. Qg3 Qg5 25. Qxg5 hxg5 26. exd5 Bxd5 27. Ne4 Rd8 28. Kf2 f6 29. Bxf6 gxf6 30. Nxf6+ Kf7 31. Ng4 Nd4 32. c4 Be6 33. Ne5+ Kf6 34. b4 axb4 35. axb4 Ra8 36. Re4 Ra2+ 37. Kg3 Nf5+ 38. Kf3 Nh4+ 39. Ke3 Nxg2+ 40.
Kd4 Nh4 41. Nc6 Nf5+ 42. Kc3 Rxh2 43. Nd8 Bd7 44. c5 bxc5 45. bxc5 Ng3 46. Re3 Ne2+ 47.
Kc4 Nf4 48. c6 Be6+ 49. Kc5 Rc2+ 50. Kd4 Ne2+ 51. Ke4 Bf5+ 52. Kf3 g4+ 53. Kg2 Nf4+ 54. Kg3 Nh5+ 55. Kh4 Rh2+ 56. Rh3 Rxh3# 0-1

[Event "Late-Titled-Tuesday-Blitz-May-07-2024"]
[Site "Chess.com"]
[Date "2024.05.07"]
[Round "4"]
[White "KebabJangles"]
[Black "cthulhuuu"]
[Result "0-1"]
[WhiteElo "2365"]
[BlackElo "2534"]
[TimeControl "180+1"]
[EndTime "14:39:04 PDT"]
[Termination "cthulhuuu won by resignation"]

1. d4 Nf6 2. c4 e5 3. dxe5 Ng4 4. Bf4 Nc6 5. Nf3 Bb4+ 6. Nbd2 Qe7 7. e3 Ngxe5 8.
Nxe5 Nxe5 9. a3 Bc5 10. b4 Bd4 11. Ra2 d6 12. Be2 Ng6 13. Bg3 Be5 14. O-O a5 15.
Qc2 h5 16. Bxe5 Nxe5 17. Nf3 g6 18. Qb2 axb4 19. axb4 Rxa2 20. Qxa2 O-O 21. Qb2 Nxf3+ 22. Bxf3 b6 23. Ra1 Be6 24. Qd4 Qg5 25. Ra7 c5 26.
bxc5 dxc5 27. Qd6 Bxc4 28. Qxb6 Be6 29. Ra5 Rc8 30. Bb7 Rb8 31. Qa7 Qd8 32. h3 Rxb7 33.
Qxb7 Qxa5 34. Qb8+ Kh7 35. Qf8 Qe1+ 36. Kh2 Qxf2 37. Qxc5 h4 38. Qe5 Qg3+ 39. Qxg3 hxg3+ 40. Kxg3 Kh6 41. Kf4 g5+ 42. Ke5 Bc8 43. Kf6 Bb7 44. g3 Bd5 45. e4 Be6 46. h4 gxh4 47. gxh4 Kh5 0-1